 Dungeon Crawl Stone Soup version 0.29.1-1-gd02db6906a (webtiles) character file.

Game seed: 15404525545621879824

2 ImASeal the Sneak (level 1, -2/22 HPs)
             Began as a Troll Delver on Oct 18, 2022.
             Slain by a scorpion (4 damage)
             ... on level 4 of the Dungeon.
             The game lasted 00:01:26 (116 turns).

ImASeal the Sneak (Troll Delver)                     Turns: 116, Time: 00:01:27

Health: -2/22      AC:  4    Str: 19    XL:     1   Next: 25%
Magic:  0/0        EV:  9    Int:  6    God:
Gold:   0          SH:  0    Dex: 11    Spells: 0/0 levels left

rFire   . . .      SeeInvis .   a - +0 mace
rCold   . . .      Faith    .   (no shield)
rNeg    . . .      Spirit   .   b - +0 robe
rPois   .          Reflect  .   (helmet restricted)
rElec   .          Harm     .   (no cloak)
rCorr   .          Rampage  .   (gloves unavailable)
Will    .....                   (boots unavailable)
Stlth   ++........              (no amulet)
HPRegen 0.87/turn               (no ring)
MPRegen 0.07/turn               (no ring)

@: lethally poisoned (-2 -> -7)
A: large, unfitting armour, claws 3, regeneration 1, shaggy fur 1, tough skin 1
a: no special abilities


You were on level 4 of the Dungeon.
You visited 1 branch of the dungeon, and saw 2 of its levels.

Inventory:

Hand Weapons
 a - a +0 mace (weapon)
Armour
 b - a +0 robe (worn)
Wands
 g - a wand of digging (3)
Scrolls
 c - a scroll of fog
 d - a scroll of magic mapping
 e - a scroll of fear


   Skills:
 + Level 2.4 Fighting
 + Level 1.7 Maces & Flails
 + Level 1.5 Dodging
 + Level 2.8 Stealth


You couldn't memorise any spells.
You didn't know any spells.
Your spell library was empty.

Dungeon Overview and Level Annotations

Branches:
Dungeon (5/15)
 Temple: D:4-7

Altars:


Innate Abilities, Weirdness & Mutations

You are too large for most types of armour.
You have claws for hands.
Your natural rate of healing is unusually fast.
You are covered in fur. (AC +1)
You have tough skin. (AC +1)


Message History

The hound attacks as you move away! The hound closely misses you.
Found 15 gold pieces.
Found a puce potion.
A scorpion comes into view.
Found a scroll labelled HIC RATU WOWN.
Found a fuming orange potion.
You see here a fuming orange potion.
Found a yellow potion.
Your extra speed is starting to run out.
The hound pauses to sniff the ground.
Found a buckler.
Found 5 stones.
You feel yourself slow down.
An adder comes into view.
The hound bites you but does no damage. The hound bites you but does no damage.
The hound attacks as you move away! The hound bites you but does no damage.
The scorpion stings you.
You are poisoned.
The scorpion poisons you!
You see here a +0 buckler.
You feel very sick. The hound bites you. The scorpion attacks as you move away!
The scorpion stings you.
You are more poisoned.
The scorpion poisons you! The hound attacks as you move away!
The hound bites you.
* * * LOW HITPOINT WARNING * * *
You feel very sick. The scorpion attacks as you move away!
The scorpion barely misses you. The hound attacks as you move away!
The hound closely misses you.
* * * LOW HITPOINT WARNING * * *
You feel very sick.
The adder hisses angrily.
The hound bites you.
* * * LOW HITPOINT WARNING * * *
Unknown command.
The hound attacks as you move away! The hound barely misses you.
The scorpion attacks as you move away! The scorpion stings you.
You die...

.## . ...# . #..#
#######..### #
..#...#......# .
....8.......### ##
#@S..##.##.## ####
#####hs.........##
...#######..(.............#
##................[........#
#...#.............#.......#
#.###.............#......##
...##...................##
.......................##
.###.....#..............#


You could see a scorpion, a hound and an adder.

Vanquished Creatures
  An orc (D:5)
1 creature vanquished.

Notes
Turn   | Place    | Note
-------+----------+-------------------------------------------
     0 | D:5      | ImASeal the Troll Delver began the quest for the Orb.
     0 | D:5      | Reached XP level 1. HP: 22/22 MP: 0/0
    35 | D:5      | Noticed a hound
    70 | D:4      | Noticed a scorpion
   116 | D:4      | Slain by a scorpion

Illustrated notes

Levels and vault maps discovered:
D:4:      layout_cave_pools, minmay_temple_entry_antechambers, feat_on_display
D:5:      layout_gridville, uniq_grinder, uniq_blork_the_orc, uniq_eustachio

Action                   || total
-------------------------++-------
Melee: Mace              ||     4
  Use: Potion            ||     1
Armor: Robe              ||     5
Dodge: Dodged            ||    11
